 Dungeon Crawl Stone Soup version 0.17.1-2-g5865329 (webtiles) character file.

53 RedPan the Skirmisher (level 3, 0/33 HPs)
             Began as a Draconian Abyssal Knight on Jan 23, 2016.
             Was a Follower of Lugonu.
             Slain by Grinder (1 damage)
             ... on level 3 of the Dungeon.
             The game lasted 00:05:59 (2103 turns).

RedPan the Skirmisher (Draconian Abyssal Knight)    Turns: 2103, Time: 00:05:59

Health: 0/33       AC:  7    Str: 15    XL:     3   Next: 62%
Magic:  4/4        EV: 12    Int: 12    God:    Lugonu [*.....]
Gold:   93         SH:  0    Dex: 10    Spells: 0 memorised, 2 levels left

rFire  . . .     SeeInvis .     a - +1 falchion
rCold  . . .     Clarity  .     (armour unavailable)
rNeg   . . .     SustAt   .     (no shield)
rPois  .         Gourm    .     (helmet restricted)
rElec  .         Spirit   .     p - +0 cloak
rCorr  .         Warding  .     i - +0 pair of gloves
rMut   .         Stasis   .     (no boots)
MR     +....                    (no amulet)
Stlth  +.........               (no ring)
                                o - ring of protection from magic

@: somewhat resistant to hostile enchantments, very unstealthy
A: unfitting armour, cold-blooded, AC +5
a: Depart the Abyss, Renounce Religion


You were on level 3 of the Dungeon.
You worshipped Lugonu.
Lugonu was aware of your devotion.
You were not hungry.

You visited 1 branch of the dungeon, and saw 3 of its levels.
You visited the Abyss 1 time.

You collected 93 gold pieces.

Inventory:

Hand Weapons
 a - a +1 falchion (weapon)
Armour
 i - a +0 pair of gloves (worn)
 p - a +0 cloak (worn)
Jewellery
 o - a ring of protection from magic (left hand)
Scrolls
 d - a scroll of enchant weapon {unknown}
 e - 2 scrolls of amnesia {unknown}
 g - 3 scrolls of fog {unknown}
 j - a scroll of enchant armour {unknown}
 k - a scroll of identify {unknown}
 l - a scroll of random uselessness {unknown}
 q - a scroll of fear {unknown}
 s - a scroll of recharging {unknown}
 t - a scroll of noise {unknown}
Potions
 h - a potion of flight {unknown}
 m - a potion of ambrosia {unknown}
 v - a potion of haste {unknown}
Comestibles
 b - 2 bread rations
 c - 2 fruits
 f - 2 meat rations
 n - a slice of pizza
 r - a royal jelly
 u - a chunk of flesh


   Skills:
 + Level 4.1 Fighting
 + Level 2.3 Long Blades
 + Level 2.6 Dodging
 + Level 0.4 Stealth
 + Level 2.4 Invocations


You had 2 spell levels left.
You didn't know any spells.

Dungeon Overview and Level Annotations

Branches:
Dungeon (3/15)

Altars:
Elyvilon
Zin

Shops:
D:2 *

Annotations:
D:3 Grinder


Innate Abilities, Weirdness & Mutations

Your plain brown scales are hard (AC +5).
Your body does not fit into most forms of armour.
You are cold-blooded and may be slowed by cold attacks.


Message History

Grinder hits you.
You writhe in agony.
You writhe in agony.
You closely miss Grinder.
Grinder is lightly wounded.
Grinder gestures at you.
You suddenly lose the ability to move!
Grinder hits you.
You writhe in agony.
You writhe in agony.
A bat comes into view.
The bat moves out of view.
Grinder hits you.
You writhe in agony.
Grinder barely misses you. Grinder hits you.
You writhe in agony.
Grinder hits you.
* * * LOW HITPOINT WARNING * * *
You writhe in agony.
* * * LOW HITPOINT WARNING * * *
You can move again.
You are too injured to fight recklessly!
Grinder hits you.
* * * LOW HITPOINT WARNING * * *
You writhe in agony.
You die...

..#.#####
.....b5@#
..#.###†#
#.# #.#
#.# #.#
#.# #..#
#.# #.
#..# #.#


You could see Grinder and a bat.

Vanquished Creatures
  2 oozes (D:2)
  A worm (D:2)
  A ball python (D:1)
  3 goblins (D:1)
  A hobgoblin (D:2)
  8 kobolds
  A quokka (D:2)
  A bat (D:2)
  3 giant cockroaches
  2 giant geckos (D:1)
  14 giant newts
  4 jackals
  A rat (D:2)
42 creatures vanquished.

Notes
Turn   | Place    | Note
--------------------------------------------------------------
     0 | Abyss:1  | RedPan the Draconian Abyssal Knight began the quest for the Orb.
     0 | Abyss:1  | Reached XP level 1. HP: 19/19 MP: 2/2
   105 | Abyss:1  | Noticed an iron imp
   130 | Abyss:1  | Noticed a large abomination
   157 | Abyss:1  | Noticed a necromancer
   167 | Abyss:1  | Noticed a ynoxinul
   190 | Abyss:1  | Noticed a smoke demon
   192 | D:1      | Escaped the Abyss
   475 | D:1      | Reached XP level 2. HP: 24/26 MP: 3/3
   786 | D:1      | Reached * piety under Lugonu
  1397 | D:2      | Found a white marble altar of Elyvilon.
  1485 | D:2      | Found Zin's Purification Station.
  1487 | D:2      | Found a glowing silver altar of Zin.
  1500 | D:2      | Reached XP level 3. HP: 33/33 MP: 4/4
  1771 | D:2      | Reached skill level 4 in Fighting
  2090 | D:3      | Noticed Grinder
  2098 | D:3      | Paralysed by Grinder for 5 turns
  2103 | D:3      | HP: 1/33 [Grinder (5)]
  2103 | D:3      | Slain by Grinder

Action                   || total
-------------------------++-------
Melee: Falchion          ||   111
Invok: Depart the Abyss  ||     1
 Stab: Sleeping          ||     1
  Eat: Chunk             ||     4
